 Dungeon Crawl Stone Soup version 0.18-a0-1197-g8004e50 (webtiles) character file.

751 Duffy the Conjurer (level 7, -8/36 HPs)
             Began as a Deep Elf Conjurer on Jan 30, 2016.
             Mangled by an orc warrior
             ... wielding a +0 flail
              (16 damage)
             ... on level 5 of the Dungeon.
             The game lasted 00:04:08 (3133 turns).

Duffy the Conjurer (Deep Elf Conjurer)              Turns: 3133, Time: 00:04:08

Health: -8/36      AC:  3    Str:  5    XL:     7   Next: 49%
Magic:  3/17       EV: 13    Int: 22    God:
Gold:   166        SH:  0    Dex: 15    Spells: 4 memorised, 5 levels left

rFire  . . .     SeeInvis .     (no weapon)
rCold  + . .     Gourm    .     a - +0 robe
rNeg   . . .     Faith    .     (no shield)
rPois  .         Spirit   .     g - +0 helmet
rElec  .         Dismiss  .     (no cloak)
rCorr  .         Reflect  .     (no gloves)
SustAt .         Harm     .     (no boots)
MR     .....                    (no amulet)
Stlth  ++........               (no ring)
                                s - ring of protection from cold

@: not resistant to hostile enchantments, unstealthy
A: no striking features
a: no special abilities


You were on level 5 of the Dungeon.
You were very hungry.

You visited 1 branch of the dungeon, and saw 6 of its levels.

You collected 166 gold pieces.


   Skills:
 - Level 2.4 Dodging
 - Level 2.4 Stealth
 + Level 5.7 Spellcasting
 + Level 7.6 Conjurations
 * Level 5.8 Hexes
 - Level 1.3 Charms


You had 5 spell levels left.
You knew the following spells:

 Your Spells              Type           Power        Failure   Level  Hunger
a - Magic Dart            Conj           ####         1%          1    None
i - Iskenderun's Battles  Conj/Chrm      ####....     50%         5    #####..
n - Fulminant Prism       Conj/Hex       #####.....   8%          4    ####...
s - Searing Ray           Conj           #####.       1%          2    None

Inventory:

Armour
 a - a +0 robe (worn)
 g - a +0 helmet (worn)
Jewellery
 s - a ring of protection from cold (left hand)
Wands
 m - a wand of polymorph (14/24)
 u - a wand of flame (33/48)
Scrolls
 d - 2 scrolls of enchant armour {unknown}
 h - 3 scrolls of remove curse {unknown}
 j - 4 scrolls of teleportation {unknown}
 k - 2 scrolls of identify {unknown}
 o - 2 scrolls of fear {unknown}
 p - a scroll of random uselessness {unknown}
 r - a scroll of recharging {unknown}
Potions
 e - 2 potions of brilliance {unknown}
 i - a potion of poison {unknown}
 n - a potion of magic {unknown}
 t - a potion of heal wounds {unknown}
Books
 b - a book of Conjurations
Comestibles
 c - 2 bread rations
 f - a beef jerky
 l - 2 fruits
 q - 2 meat rations

Dungeon Overview and Level Annotations

Branches:
Dungeon (6/15)
 Temple: D:4-7

Altars:
Dithmenos
Fedhas


Message History

The orc warrior is lightly wounded.
The orc priest moves out of view.
The orc warrior hits you but does no damage.
The searing ray hits the orc warrior.
The orc warrior is lightly wounded.
Your battlesphere fires!
The barrage of energy hits the orc warrior.
The orc warrior is moderately wounded.
Your battlesphere expends the last of its energy and dissipates.
The orc hits you but does no damage. The orc warrior misses you.
The searing ray hits the orc warrior.
The orc warrior is severely wounded.
The searing ray hits the orc.
The orc is almost dead.
The orc closely misses you. The orc warrior misses you.
Cast which spell? (? or * to list)
Aiming: Searing Ray
Press: ? - help, Shift-Dir - straight line The searing ray hits the orc.
You kill the orc!
The orc warrior hits you with a flail! The orc warrior hits you with a flail!
There is a stone staircase leading up, spattered with blood here.
You climb upwards.
There is a stone staircase leading down here.
Cast which spell? (? or * to list)
Aiming: Searing Ray
Press: ? - help, Shift-Dir - straight line, f - orc warrior
Aim: an orc warrior, wielding a flail and wearing a plate armour (severely wounded)
The searing ray misses the orc warrior.
The orc warrior closely misses you.
The searing ray hits the orc warrior.
The orc warrior is almost dead.
The orc warrior closely misses you.
The searing ray misses the orc warrior.
The orc warrior hits you with a flail!
You die...

#....###### ##......## ######
#.........######........####.....
#.....###.....#..........##......
#.....###........>...............
#......##................#.......
#....#..#................#.......
#.......####.............#.......
######.....####.o................
.>#..........##.@........#.......
...........#.............#.......
...........###.....(.....#.......
............#............#.......
..............#..........#.......
(..............#.................
...........#.#.#......<(.........
...........#......[......##.##...
........###..##.#..#.#..........#


You could see an orc warrior.

Action                   |  1- 3 |  4- 6 |  7- 9 || total
-------------------------+-------+-------+-------++-------
 Cast: Magic Dart        |    75 |    35 |    14 ||   124
       Searing Ray       |     2 |    10 |     6 ||    18
       Iskenderun's Batt |       |     1 |     1 ||     2
  Eat: Chunk             |     1 |     4 |     1 ||     6

Notes
Turn   | Place    | Note
--------------------------------------------------------------
     0 | D:1      | Duffy the Deep Elf Conjurer began the quest for the Orb.
     0 | D:1      | Reached XP level 1. HP: 10/10 MP: 6/6
   419 | D:2      | Reached XP level 2. HP: 15/15 MP: 2/8
   423 | D:2      | Learned a level 2 spell: Searing Ray
   468 | D:2      | Reached skill level 5 in Conjurations
   651 | D:3      | Reached XP level 3. HP: 19/19 MP: 0/9
  1004 | D:3      | Noticed Robin
  1123 | D:3      | Killed Robin
  1299 | D:4      | Noticed an ogre
  1306 | D:4      | Killed an ogre
  1306 | D:4      | Reached skill level 4 in Spellcasting
  1306 | D:4      | Reached skill level 6 in Conjurations
  1306 | D:4      | Reached XP level 4. HP: 24/24 MP: 4/12
  1306 | D:4      | Reached XP level 5. HP: 28/28 MP: 4/13
  1382 | D:4      | Learned a level 5 spell: Iskenderun's Battlesphere
  1387 | D:4      | Learned a level 4 spell: Fulminant Prism
  1706 | D:4      | Reached skill level 1 in Hexes
  1706 | D:4      | Reached skill level 1 in Charms
  2278 | D:4      | Noticed an ogre
  2286 | D:4      | Killed an ogre
  2286 | D:4      | Reached skill level 7 in Conjurations
  2286 | D:4      | Reached skill level 2 in Hexes
  2286 | D:4      | Reached XP level 6. HP: 32/32 MP: 9/15
  2356 | D:4      | Reached skill level 3 in Hexes
  2446 | D:5      | Entered Level 5 of the Dungeon
  2486 | D:5      | Noticed a sky beast
  2494 | D:5      | Killed a sky beast
  2494 | D:5      | Reached skill level 5 in Spellcasting
  2585 | D:5      | Found a shadowy altar of Dithmenos.
  2592 | D:5      | Reached skill level 4 in Hexes
  2748 | D:5      | Noticed Duffy's ghost (novice DEFE)
  2753 | D:5      | Killed Duffy's ghost
  2753 | D:5      | Reached skill level 5 in Hexes
  2753 | D:5      | Reached XP level 7. HP: 36/36 MP: 2/17
  3110 | D:6      | Found a blossoming altar of Fedhas.
  3133 | D:5      | Mangled by an orc warrior

Vault maps used:
D:1:      minmay_arrival_loop
D:2:      minitemple, uniq_natasha
D:3:      st_stairs_2, uniq_robin
D:4:      first_bread
D:5:      grunt_dithmenos_shadows
D:6:      ashenzari_conservatory_becter, okawaru_ov_weapons_minmay,
          minmay_temple_entry_overgrown, fedhas_altar_2

Vanquished Creatures
  The ghost of Duffy the Conjurer, a novice DEFE
  A sky beast
  2 ogres
  An orc priest
  A giant frog skeleton
  An iguana
  3 orc wizards Robin
  3 adders
  A shadow imp
  An adder zombie
  A giant gecko
  13 orcs
  2 ball pythons
  4 giant cockroaches
  9 goblins
  5 hobgoblins
  7 jackals
  2 quokkas
  A bat
  3 giant newts
  A rat
64 creatures vanquished.
